[Event "Late-Titled-Tuesday-Blitz-January-16-2024"]
[Site "Chess.com"]
[Date "2024.01.16"]
[Round "5"]
[White "jinxy2009"]
[Black "Quattroporte300"]
[Result "0-1"]
[WhiteElo "2248"]
[BlackElo "2411"]
[TimeControl "180+1"]
[EndTime "14:53:14 PST"]
[Termination "Quattroporte300 won by resignation"]

1. e4 c5 2. Nf3 d6 3. d4 cxd4 4.
Nxd4 Nf6 5. Nc3 a6 6. Be3 e6 7. g4 Be7 8. g5 Nfd7 9. Qd2 b5 10. O-O-O Bb7 11. f3 Qc7 12. Bd3 Ne5 13. h4 Nbd7 14. f4 Nxd3+ 15. Qxd3 Nc5 16. Qe2 b4 17. Nd5 exd5 18. exd5 O-O-O 19. Qc4 a5 20. Nb5 Ba6 21. Rhe1 Qb7 22. Bxc5 Bxb5 23. Qe4 dxc5 24. Qxe7 Qxe7 25. Rxe7 Rd7 26. Re5 Kb7 27. d6 Kb6 28. Rdd5 Rc8 29. Re7 Rxe7 30. dxe7 Re8 31. Re5 g6 32. h5 Bd7 33. hxg6 hxg6 34. Kd2 Be6 35. Ke3 Rxe7 36. Ke4 Rd7 37. Ke3 Rd1 38. Ke2 Rd4 39. b3 Kc6 40.
Ke3 Rd1 41. Ke2 Ra1 42. Kd2 Rxa2 43. Re1 a4 0-1

[Event "Late-Titled-Tuesday-Blitz-January-16-2024"]
[Site "Chess.com"]
[Date "2024.01.16"]
[Round "5"]
[White "IMRosen"]
[Black "platy3"]
[Result "1-0"]
[WhiteElo "2686"]
[BlackElo "2879"]
[TimeControl "180+1"]
[EndTime "14:53:15 PST"]
[Termination "IMRosen won on time"]

1. e4 c5 2. Nc3 Nc6 3. Bb5 Nd4 4.
Nf3 e6 5. O-O a6 6. Bd3 Nc6 7. Be2 Nf6 8. d4 cxd4 9. Nxd4 Qc7 10.
Be3 Be7 11. f4 d6 12. Kh1 O-O 13. Qe1 Nxd4 14. Bxd4 b5 15. Bf3 Bb7 16. a3 Bc6 17. Qg3 Qb7 18. Rae1 Rac8 19. e5 dxe5 20. fxe5 Nd7 21.
Ne4 Qb8 22. c3 Bxe4 23. Bxe4 Bc5 24. Rf3 Bxd4 25. cxd4 Rc4 26. Qh4 h6 27. Bd3 Ra4 28. Rg3 Nxe5 29. Qxh6 Ng6 30. Qh5 Qf4 31. Rh3 Qh6 32. Qg4 Qd2 33. Rf1 Qxb2 34. Qh5 1-0

[Event "Late-Titled-Tuesday-Blitz-January-16-2024"]
[Site "Chess.com"]
[Date "2024.01.16"]
[Round "5"]
[White "rezamahdavi2008"]
[Black "Hikaru"]
[Result "0-1"]
[WhiteElo "2865"]
[BlackElo "3231"]
[TimeControl "180+1"]
[EndTime "14:53:16 PST"]
[Termination "Hikaru won on time"]

1. e4 a6 2. d4 e6 3. Nf3 d5 4. e5 c5 5. c3 Bd7 6. Be2 Bb5 7. O-O Bxe2 8. Qxe2 Nc6 9. dxc5 Bxc5 10. b4 Ba7 11.
Be3 Bxe3 12. Qxe3 Nge7 13. Nbd2 Qc7 14. Rfe1 O-O 15. a3 Rfd8 16. Rad1 Rac8 17. h4 Nb8 18. Rc1 b5 19. Nb3 Nd7 20. Nbd4 Nb6 21. Nh2 Nc4 22. Qg3 Nxa3 23. h5 h6 24. Ng4 Kh8 25. Qf4 Ng8 26.
Re3 Re8 27. Rf3 Re7 28. Ra1 Nc4 29. Rxa6 Qb7 30. Ra2 Rf8 31. Kh2 Qd7 32. Ra6 Qe8 33.
Ne3 Nd2 34. Rh3 Ne4 35. Rb6 f6 36. exf6 Ngxf6 37. Qe5 Nd7 38. Qc7 Nxb6 39. Qxb6 Nxf2 40. Rh4 e5 41. Ndf5 Re6 42. Qc5 Ne4 43. Qxd5 Nf6 44. Qb7 Rf7 45. Qf3 e4 46. Qg3 Qd8 47. Nd4 Re8 0-1

[Event "Late-Titled-Tuesday-Blitz-January-16-2024"]
[Site "Chess.com"]
[Date "2024.01.16"]
[Round "5"]
[White "Fh2411"]
[Black "glebus008"]
[Result "1-0"]
[WhiteElo "2598"]
[BlackElo "2314"]
[TimeControl "180+1"]
[EndTime "14:53:16 PST"]
[Termination "Fh2411 won on time"]

1. d4 d5 2. Nf3 Nf6 3. c4 e6 4.
Nc3 Be7 5. Bg5 h6 6. Bh4 c5 7. e3 Nc6 8. dxc5 dxc4 9. Qxd8+ Nxd8 10.
Bxc4 Bxc5 11. O-O Be7 12. Rfd1 Bd7 13. Nb5 Rc8 14. b3 a6 15. Nd6+ Bxd6 16. Rxd6 g5 17.
Bg3 Ne4 18. Rd3 Nxg3 19. hxg3 b5 20. Ne5 bxc4 21. Nxc4 Ke7 22. a4 Rc7 23. Rad1 Nb7 24. Nb6 Bc8 25. b4 f6 26. Na8 Rd7 27. Nb6 Rxd3 28.
Rxd3 Rd8 29. Rc3 Bd7 30. Rc7 Kd6 31. Rxb7 Bxa4 32. Nxa4 Rc8 33. Nc5 Rc6 34. Ra7 Kd5 35. Rxa6 Kc4 36. Rxc6 1-0

[Event "Late-Titled-Tuesday-Blitz-January-16-2024"]
[Site "Chess.com"]
[Date "2024.01.16"]
[Round "5"]
[White "Arifarsky"]
[Black "Fandorine"]
[Result "0-1"]
[WhiteElo "2712"]
[BlackElo "2960"]
[TimeControl "180+1"]
[EndTime "14:53:17 PST"]
[Termination "Fandorine won by resignation"]

1. d4 Nf6 2. Nf3 g6 3. Nc3 Bg7 4. e4 d6 5. h3 O-O 6. Be2 a6 7. a4 Nc6 8. O-O Re8 9. Be3 e5 10. d5 Ne7 11. Nd2 Kh8 12. a5 Nfg8 13. f3 f5 14. b4 f4 15. Bf2 g5 16. b5 Ng6 17.
Nc4 axb5 18. Nxb5 h5 19. Ra3 Nh6 20. Rc3 Re7 21. Nd2 Ra6 22. Nb3 Bf6 23. Qd2 Rh7 24.
Nxc7 Rxc7 25. Bxa6 Rxc3 26. Qxc3 bxa6 27. Bb6 Qf8 28. Nd2 g4 29. fxg4 hxg4 30. Bc7 Bd7 31. Nc4 gxh3 32. Bxd6 Qg7 33. Kf2 Ng4+ 34. Ke2 hxg2 35.
Rg1 Nh4 36. Qh3 f3+ 37. Kd3 f2 0-1

[Event "Late-Titled-Tuesday-Blitz-January-16-2024"]
[Site "Chess.com"]
[Date "2024.01.16"]
[Round "5"]
[White "Maitreia"]
[Black "pooh2012"]
[Result "1-0"]
[WhiteElo "2727"]
[BlackElo "2543"]
[TimeControl "180+1"]
[EndTime "14:53:20 PST"]
[Termination "Maitreia won by resignation"]

1. c4 d5 2. cxd5 Nf6 3. Nc3 Nxd5 4. Nxd5 Qxd5 5. Nf3 g6 6. g3 Bg7 7. Bg2 Qd6 8. O-O e5 9. d3 O-O 10. Be3 Re8 11. Qa4 Bd7 12. Qb3 Bc6 13. Rac1 h6 14.
Nd2 Bxg2 15. Kxg2 b6 16. Ne4 Qd7 17. Bxh6 c5 18. Qc3 f5 19. Bxg7 fxe4 20. Bxe5 exd3 21. Qc4+ Qf7 22. Qxf7+ Kxf7 23. Bxb8 dxe2 24. Rfe1 Raxb8 25. Rc2 Rbd8 26. Rcxe2 Rxe2 27. Rxe2 Rd3 28. h4 c4 29. g4 b5 30. f3 a5 31. a3 b4 32. axb4 axb4 33. Kg3 c3 34. bxc3 bxc3 35. Re4 c2 36. Rc4 Rd2 37. Rc6 Ke7 38. Kf4 Re2 39. Kg5 Kf7 40. Rc7+ Ke6 41. Kxg6 Ke5 42. g5 Kf4 43. h5 Rg2 44. Rc4+ Kxf3 45. h6 Ke3 46. h7 Rh2 47. Kg7 Kd3 48. Rxc2 Kxc2 49. h8=Q Rxh8 50. Kxh8 1-0

[Event "Late-Titled-Tuesday-Blitz-January-16-2024"]
[Site "Chess.com"]
[Date "2024.01.16"]
[Round "5"]
[White "reevecanada"]
[Black "vladislavkovalev"]
[Result "0-1"]
[WhiteElo "2634"]
[BlackElo "2844"]
[TimeControl "180+1"]
[EndTime "14:53:21 PST"]
[Termination "vladislavkovalev won by checkmate"]

1. e4 e5 2. Nf3 Nc6 3. Bc4 Nf6 4. d3 Bc5 5. c3 d6 6. O-O a6 7. a4 h6 8. Re1 Ba7 9. Nbd2 g5 10. Nf1 g4 11. N3d2 h5 12. b4 h4 13.
b5 Ne7 14. Ne3 Ng6 15. bxa6 bxa6 16. Ndf1 g3 17. hxg3 hxg3 18. Nxg3 Nf4 19. d4 Nxe4 20. Nxe4 Qh4 21. f3 f6 22. Qd2 f5 23. Nf2 Bb7 24.
Rb1 Bxf3 25. gxf3 Qg3+ 26. Kf1 Qxf3 27. Kg1 Qg3+ 28. Kf1 Rh2 29. Rd1 Qf3 30. Kg1 Rg2+ 31. Kf1 Rh2 32. Kg1 Rxf2 33. Qxf2 Nh3+ 34. Kh2 Nxf2 35. Rf1 Kd7 36. Ng2 Rh8+ 37. Kg1 Nh3+ 38. Kh2 Nf4+ 39. Nh4 Qg2# 0-1

[Event "Late-Titled-Tuesday-Blitz-January-16-2024"]
[Site "Chess.com"]
[Date "2024.01.16"]
[Round "5"]
[White "Verony64"]
[Black "Roedor"]
[Result "1-0"]
[WhiteElo "2196"]
[BlackElo "2346"]
[TimeControl "180+1"]
[EndTime "14:53:21 PST"]
[Termination "Verony64 won on time"]

1. e4 e5 2. Nf3 Nc6 3. Bc4 Bc5 4. c3 Nf6 5. d3 d6 6. Bb3 a5 7. Nbd2 O-O 8. h3 Be6 9. Nf1 Ba7 10. g4 d5 11. Qe2 dxe4 12. dxe4 Bxb3 13. axb3 Qc8 14.
Ng3 Qe6 15. Bg5 Nd7 16. O-O Qxb3 17. Nf5 g6 18. Ne3 Bxe3 19. fxe3 f6 20. Bh6 Rf7 21.
Rf2 a4 22. Raf1 a3 23. bxa3 Rxa3 24. Rd1 Qe6 25. Qb2 Rb3 26. Qa2 Nd8 27. Rfd2 Rxc3 28. Qxe6 Nxe6 29. Rxd7 Rxd7 30. Rxd7 g5 31. h4 Rxe3 32. Kf2 Rxe4 33. hxg5 fxg5 34. Re7 Nd4 35. Rg7+ Kh8 36. Nxg5 Rf4+ 37. Kg2 Rxg4+ 38. Kh3 1-0

[Event "Late-Titled-Tuesday-Blitz-January-16-2024"]
[Site "Chess.com"]
[Date "2024.01.16"]
[Round "5"]
[White "LikeWater"]
[Black "SCIM"]
[Result "0-1"]
[WhiteElo "2790"]
[BlackElo "2579"]
[TimeControl "180+1"]
[EndTime "14:53:22 PST"]
[Termination "SCIM won by resignation"]

1. e4 e5 2. Nc3 Nf6 3. g3 Bc5 4. Bg2 O-O 5. Nge2 c6 6. O-O d5 7.
d3 dxe4 8. Nxe4 Nxe4 9. dxe4 Qxd1 10. Rxd1 Bg4 11. Kf1 Na6 12. c3 Rad8 13. Rxd8 Rxd8 14.
Ke1 Bb6 15. b4 Rd3 16. Bb2 Bxf2+ 17. Kxf2 Rd2 18. Bf3 Bxf3 19. Kxf3 Rxb2 20. Rd1 g6 21.
Rd7 Rxa2 22. Rxb7 Kg7 23. h4 h5 24. Ke3 Kf6 25. Kd3 Ke6 26. Nc1 Rg2 27. Ne2 f5 28. Rxa7 Nb8 29. Rg7 fxe4+ 30. Ke3 Nd7 31. Rxg6+ Nf6 32. c4 Kf7 33. Rg5 Ng4+ 34. Kd2 e3+ 35. Kd3 e4+ 36. Kxe4 Rxe2 37. Rxh5 Rb2 38. Rh7+ Ke6 39. Rh8 e2 40. Kf4 Nf6 0-1

[Event "Late-Titled-Tuesday-Blitz-January-16-2024"]
[Site "Chess.com"]
[Date "2024.01.16"]
[Round "5"]
[White "MKlose11"]
[Black "secretsuperstar7"]
[Result "1-0"]
[WhiteElo "2636"]
[BlackElo "2498"]
[TimeControl "180+1"]
[EndTime "14:53:23 PST"]
[Termination "MKlose11 won by resignation"]

1. e4 c5 2. Nc3 Nc6 3. g3 g6 4. Bg2 Bg7 5. d3 Nf6 6. h3 Rb8 7. Be3 d6 8. Qd2 h6 9. Nge2 b5 10. O-O b4 11. Nd1 Ba6 12. f4 Qc7 13. a3 b3 14. c3 O-O 15. g4 Nd7 16. h4 e6 17.
Ng3 Qd8 18. h5 Qh4 19. Bf2 Qd8 20. hxg6 fxg6 21. Ne3 Ne7 22. f5 exf5 23. gxf5 Ne5 24. c4 Bc8 25. fxg6 N7xg6 26. Nef5 Ng4 27. Nxg7 Kxg7 28.
Nf5+ Bxf5 29. exf5 Rxf5 30. Bg3 Rg5 31. d4 cxd4 32.
Qxd4+ N4e5 33. Bf4 Rg4 34. Rae1 Qh4 35. Rxe5 dxe5 36.
Bxe5+ Nxe5 37. Qxe5+ Kg6 38. Qxb8 Rxg2+ 39. Kxg2 Qe4+ 40.
Rf3 Qe2+ 41. Rf2 Qe4+ 42. Kh2 Qh4+ 43. Kg1 Qxc4 44. Qe8+ Kg5 45. Qe7+ Kg6 46. Qf6+ Kh5 47. Qf7+ Kg5 48. Qxc4 1-0

[Event "Late-Titled-Tuesday-Blitz-January-16-2024"]
[Site "Chess.com"]
[Date "2024.01.16"]
[Round "5"]
[White "Piotrek1979"]
[Black "Byniolus"]
[Result "0-1"]
[WhiteElo "2420"]
[BlackElo "2754"]
[TimeControl "180+1"]
[EndTime "14:53:27 PST"]
[Termination "Byniolus won by resignation"]

1. e4 d6 2. d4 Nf6 3. Nc3 c6 4. f4 Qb6 5. Nf3 Bg4 6. a3 e6 7.
h3 Bxf3 8. Qxf3 d5 9. e5 Nfd7 10. Bd3 c5 11. O-O Nc6 12. dxc5 Nxc5 13. Kh1 Nxd3 14.
Qxd3 Be7 15. f5 O-O-O 16. fxe6 fxe6 17. Qe3 d4 18. Qg3 dxc3 19. bxc3 Rhf8 20. Be3 Rxf1+ 21. Rxf1 Bc5 22. Bg5 Rf8 23. Rxf8+ Bxf8 24. Qf4 Be7 25. Bxe7 Nxe7 26. Qf7 Kd7 27. Qxg7 h5 28. Qh6 Qb1+ 29.
Kh2 Qxc2 30. Qxh5 Qxc3 31. Qd1+ Nd5 32. Qe2 a6 33. a4 Qe3 34. Qb2 Qf4+ 35. Kh1 Kc8 36.
Qc2+ Kb8 37. Qb2 Qf1+ 38. Kh2 Qf4+ 39. Kh1 Qxa4 40. Qc2 Qxc2 0-1

[Event "Late-Titled-Tuesday-Blitz-January-16-2024"]
[Site "Chess.com"]
[Date "2024.01.16"]
[Round "5"]
[White "AradNazari"]
[Black "Actuary44"]
[Result "1-0"]
[WhiteElo "2631"]
[BlackElo "2488"]
[TimeControl "180+1"]
[EndTime "14:53:27 PST"]
[Termination "AradNazari won by checkmate"]

1. g4 e5 2. e4 d5 3. exd5 c6 4.
Nc3 cxd5 5. Bg2 d4 6. Ne4 Nf6 7. Nxf6+ Qxf6 8. d3 Bb4+ 9. Bd2 Bxd2+ 10. Qxd2 O-O 11.
g5 Qb6 12. O-O-O Be6 13. Kb1 Nc6 14. h4 Rfc8 15. a3 Qc5 16. h5 b5 17. Ne2 b4 18.
Bxc6 Rxc6 19. axb4 Qd5 20. b3 a5 21. Kb2 Rac8 22.
Rc1 a4 23. Rh4 axb3 24. c4 dxc3+ 25. Rxc3 Rxc3 26. Nxc3 Qg2 27. b5 Qg1 28. b6 Ra8 29.
Ra4 Rb8 30. Rb4 Qh1 31. Ne4 Qxh5 32. b7 h6 33. Nc5 hxg5 34. Na6 Rxb7 35. Rxb7 Qf3 36.
Nc5 Bf5 37. Rxb3 g4 38. Ne4 Bxe4 39. dxe4 Qxe4 40. Qd3 Qf4 41. Rb8# 1-0

[Event "Late-Titled-Tuesday-Blitz-January-16-2024"]
[Site "Chess.com"]
[Date "2024.01.16"]
[Round "5"]
[White "JCVanDamme10"]
[Black "ValeriyGrinev"]
[Result "1-0"]
[WhiteElo "2348"]
[BlackElo "2551"]
[TimeControl "180+1"]
[EndTime "14:53:27 PST"]
[Termination "JCVanDamme10 won by checkmate"]

1. e4 e5 2. Nf3 Nc6 3. Bb5 f5 4. d3 fxe4 5. dxe4 Nf6 6. Qe2 Bb4+ 7. c3 Bc5 8. O-O d6 9. Bg5 O-O 10. Bxc6 bxc6 11. Nxe5 dxe5 12. Qc4+ Kh8 13. Qxc5 Ba6 14. Re1 Nxe4 15. Bxd8 Nxc5 16. Bh4 Nd3 17. Re3 Nxb2 18. Rxe5 Nc4 19. Re1 Rae8 20. Rc1 Re2 21. a4 Rfe8 22. f3 Rb2 23. Re1 Rxe1+ 24. Bxe1 Ne3 25. Nd2 Kg8 26. Rb1 Ra2 27. Rb8+ Kf7 28. Rd8 Ra1 29. Kf2 Nd1+ 30. Kg3 Nxc3 31. Bf2 Ne2+ 32. Kh3 Rxa4 33. Ne4 Ra2 34. Be3 Bb5 35. Rd7+ Kg6 36. Rxc7 a5 37.
Nd6 Nc3 38. Bd4 Ne2 39. Rxg7+ Kh5 40. g4+ Kh6 41. Nf5# 1-0

[Event "Late-Titled-Tuesday-Blitz-January-16-2024"]
[Site "Chess.com"]
[Date "2024.01.16"]
[Round "5"]
[White "IraZyne"]
[Black "EsmeraldasAnderson03"]
[Result "1-0"]
[WhiteElo "2262"]
[BlackElo "2383"]
[TimeControl "180+1"]
[EndTime "14:53:27 PST"]
[Termination "IraZyne won on time"]

1. e4 c5 2. Nc3 Nc6 3. g3 g6 4. Bg2 Bg7 5. Nge2 e6 6. O-O Nge7 7. d3 O-O 8. Be3 Nd4 9. Qd2 Rb8 10. Nc1 b5 11. Nd1 d6 12. c3 Ndc6 13. Ne2 Re8 14. d4 cxd4 15. Nxd4 b4 16. Nxc6 Nxc6 17. c4 a5 18. h3 Bb7 19. Rc1 Rc8 20. Bh6 Bh8 21.
Ne3 Qb6 22. b3 Nd4 23. f4 a4 24. Qd3 axb3 25. axb3 d5 26. cxd5 exd5 27. Kh2 dxe4 28. Qb1 Ne2 29. Rxc8 Rxc8 30. Nc4 Qe6 31. f5 gxf5 32.
Be3 Ba6 33. Rf2 Nc3 34. Qe1 Bxc4 35. bxc4 Rxc4 36. Qd2 Nd5 37. Rf1 Bc3 38. Qe2 Rc6 39.
Rd1 Be5 40. Bg5 Rc3 41. Bh4 b3 42. Qb5 1-0

[Event "Late-Titled-Tuesday-Blitz-January-16-2024"]
[Site "Chess.com"]
[Date "2024.01.16"]
[Round "5"]
[White "zverr1"]
[Black "Heinza9"]
[Result "1-0"]
[WhiteElo "2500"]
[BlackElo "2325"]
[TimeControl "180+1"]
[EndTime "14:53:28 PST"]
[Termination "zverr1 won on time"]

1. e4 e5 2. Nf3 Nc6 3. Bc4 Nf6 4. Ng5 d5 5. exd5 b5 6. Bf1 Nd4 7. c3 Nxd5 8. cxd4 Qxg5 9. Bxb5+ Kd8 10. Qf3 Bb7 11.
O-O exd4 12. d3 Qg6 13. Re1 Bd6 14. Bc4 c6 15. Bxd5 cxd5 16. Bd2 Re8 17. Na3 Kd7 18. Nb5 Bc5 19. Qf4 Bb6 20. Rac1 Rxe1+ 21. Rxe1 a6 22. Nxd4 Bc7 23. Re7+ Kxe7 24. Qxc7+ Kf8 25. Qxb7 Re8 26. Qxd5 Kg8 27. Qf3 Qd6 28. Nb3 h6 29. g3 Qe5 30.
Bc3 Qe6 31. Kg2 f6 32. Nc5 Qd6 33. Ne4 Qe6 34. h3 Rd8 35. Nc5 Qe7 36. Nb3 Qd6 37. d4 Qe6 38. Nc5 Qd6 39. Nb7 1-0

[Event "Late-Titled-Tuesday-Blitz-January-16-2024"]
[Site "Chess.com"]
[Date "2024.01.16"]
[Round "5"]
[White "SEBAZZANO"]
[Black "Gryffindorac8"]
[Result "0-1"]
[WhiteElo "2232"]
[BlackElo "2380"]
[TimeControl "180+1"]
[EndTime "14:53:29 PST"]
[Termination "Gryffindorac8 won on time"]

1. d4 Nf6 2. Bf4 d5 3. e3 c5 4. c3 Nc6 5. Nd2 Bf5 6. Qb3 Qc8 7. Ngf3 e6 8. Be2 Be7 9. h3 h6 10. O-O O-O 11. Rfe1 c4 12. Qd1 b5 13. Ne5 a5 14. Bf3 Nxe5 15. Bxe5 b4 16. e4 dxe4 17.
Nxe4 Nxe4 18. Bxe4 Bxe4 19. Rxe4 bxc3 20. bxc3 Qc6 21.
Rg4 f6 22. Bf4 Kh8 23. Qd2 g5 24. Bh2 f5 25. Be5+ Bf6 26. Bxf6+ Rxf6 27. Rg3 f4 28. Rf3 Rb8 29. Re1 Kg7 30. Re5 Rb5 31. Qe2 Rxe5 32.
Qxe5 Qd5 33. Qc7+ Kg6 34. Qc8 Kg7 35. Qc7+ Rf7 36. Qc8 Rb7 37. Kh2 Qe4 38. Qe8 Rf7 39. Qc8 Qd5 40. Qe8 h5 0-1

[Event "Late-Titled-Tuesday-Blitz-January-16-2024"]
[Site "Chess.com"]
[Date "2024.01.16"]
[Round "5"]
[White "KSho99"]
[Black "topce"]
[Result "0-1"]
[WhiteElo "2159"]
[BlackElo "2361"]
[TimeControl "180+1"]
[EndTime "14:53:29 PST"]
[Termination "topce won by resignation"]

1. Nf3 Nf6 2. g3 c5 3. Bg2 Nc6 4. O-O g6 5. b3 Bg7 6. Bb2 d5 7. d4 Ne4 8. e3 O-O 9. Nbd2 Bf5 10. Nxe4 Bxe4 11. c3 cxd4 12. cxd4 Qa5 13. a3 e6 14. Nd2 Bxg2 15. Kxg2 Rfc8 16. Qe2 Qb6 17. Rfc1 a5 18.
a4 Bf8 19. Qb5 Qa6 20. Qxa6 bxa6 21. Ba3 Bb4 22. Nf3 f6 23. Kf1 Kf7 24. Ne1 Bxa3 25. Rxa3 Nb4 26. Raa1 Ke7 27. Ke2 Kd6 28. Kd2 Rab8 29.
Rxc8 Rxc8 30. Rc1 Rxc1 31. Kxc1 e5 32. Kd2 e4 33. Kc3 Ke6 34. Kd2 Kf5 35. Ke2 Kg4 36. Kf1 Kh3 37. Kg1 h6 38. Kf1 h5 39. Kg1 h4 40. Ng2 g5 41. Ne1 Kg4 42. gxh4 Kxh4 43. Kg2 Nd3 44. Nxd3 exd3 45. Kf1 Kg4 46. Ke1 Kf3 47.
Kd2 f5 48. Kxd3 Kxf2 49. Kd2 g4 50. Kd3 Kg2 51. Ke2 Kxh2 0-1

[Event "Late-Titled-Tuesday-Blitz-January-16-2024"]
[Site "Chess.com"]
[Date "2024.01.16"]
[Round "5"]
[White "IlanSchnaider"]
[Black "AmanteDeMoi"]
[Result "0-1"]
[WhiteElo "2797"]
[BlackElo "2590"]
[TimeControl "180+1"]
[EndTime "14:53:31 PST"]
[Termination "AmanteDeMoi won on time"]

1. e4 g6 2. d4 Bg7 3. Nc3 c6 4. Bc4 b5 5. Bb3 a5 6. a3 Qb6 7. Nge2 Na6 8. O-O d6 9. Be3 Nf6 10. h3 O-O 11. e5 Ne8 12. Qd2 Nec7 13. f4 c5 14. dxc5 Nxc5 15. exd6 Qxd6 16. Qxd6 exd6 17.
Rad1 Nxb3 18. cxb3 b4 19. Na4 Ba6 20. Rfe1 Rfe8 21. Kf2 bxa3 22. bxa3 Nb5 23. Ng3 Nxa3 24. Rd2 Bb5 25. Nb6 Rab8 26. Nd5 Bc6 27. Red1 Rxb3 28. Nf1 Bxd5 29. Rxd5 Nc4 30. Ba7 a4 31. Bd4 a3 32.
Bxg7 Kxg7 33. R5d4 Nb2 34. Ra1 Ra8 35. Nd2 Rc3 36.
Ne4 Rc2+ 37. Ke1 a2 38. Nxd6 Na4 0-1

[Event "Late-Titled-Tuesday-Blitz-January-16-2024"]
[Site "Chess.com"]
[Date "2024.01.16"]
[Round "5"]
[White "NMJeevanK"]
[Black "orestn"]
[Result "1/2-1/2"]
[WhiteElo "2577"]
[BlackElo "2438"]
[TimeControl "180+1"]
[EndTime "14:53:31 PST"]
[Termination "Game drawn by repetition"]

1. e4 e5 2. Nf3 Nc6 3. d4 exd4 4. Bc4 Nf6 5. e5 d5 6. Bb5 Nd7 7. O-O Be7 8. Bxc6 bxc6 9. Nxd4 Nb8 10. Nc3 O-O 11. Qf3 a5 12. Nf5 Bxf5 13. Qxf5 Qd7 14. Qd3 Na6 15. a3 Nc5 16. Qg3 Kh8 17. Be3 f5 18. exf6 Rxf6 19. Rad1 Rg6 20. Qf3 Bd6 21. Bxc5 Bxc5 22. Ne2 Rf8 23. Qc3 Bb6 24.
Ng3 Qg4 25. b4 axb4 26. Qxb4 Rf4 27. Qe7 h5 28. Rd3 Re4 29. Qd8+ Kh7 30. h3 Qe6 31.
Nxe4 Qxe4 32. g3 h4 33. Qf8 hxg3 34. Qf3 gxf2+ 35. Kh1 Qe5 36. Rxf2 Bxf2 37. Qxf2 Rh6 38. Rf3 Qg5 39. Kh2 Rf6 40. Qe2 Rxf3 41. Qxf3 Qd2+ 42. Kg3 Qxc2 43. Qh5+ Kg8 44. Qe8+ Kh7 45. Qh5+ Kg8 46. Qe8+ Kh7 47. Qh5+ 1/2-1/2

[Event "Late-Titled-Tuesday-Blitz-January-16-2024"]
[Site "Chess.com"]
[Date "2024.01.16"]
[Round "5"]
[White "ShahMatKanal"]
[Black "chessajedrezz2020"]
[Result "1-0"]
[WhiteElo "2523"]
[BlackElo "2638"]
[TimeControl "180+1"]
[EndTime "14:53:33 PST"]
[Termination "ShahMatKanal won on time"]

1. d4 Nf6 2. Nf3 g6 3. c4 Bg7 4. Nc3 d5 5. Bg5 dxc4 6. e4 O-O 7. Bxc4 c5 8. d5 b5 9. Bd3 c4 10. Bc2 b4 11. Ne2 a5 12. O-O Ba6 13. Re1 Qb6 14.
Be3 Qb7 15. e5 Nxd5 16. Be4 Rd8 17. Nf4 e6 18. Bxd5 exd5 19. e6 Nc6 20. Nd4 f6 21. h4 Ne5 22. h5 Qe7 23. Qc2 f5 24. Rad1 Rac8 25. Qa4 c3 26. bxc3 bxc3 27. Qxa5 c2 28.
Nxc2 Rxc2 29. Qxa6 Rc6 30. Qa4 Rc4 31. Qb3 d4 32.
Bc1 g5 33. Nd3 Nxd3 34. Qxd3 Rc5 35. Ba3 Rdd5 36. Bxc5 Rxc5 37. Rc1 Rc3 38. Qa6 Bf8 39. Qa8 Rxc1 40. Rxc1 d3 41. Qd5 d2 42. Qxd2 1-0

[Event "Late-Titled-Tuesday-Blitz-January-16-2024"]
[Site "Chess.com"]
[Date "2024.01.16"]
[Round "5"]
[White "danshev16"]
[Black "mr_gustavo"]
[Result "0-1"]
[WhiteElo "2525"]
[BlackElo "2743"]
[TimeControl "180+1"]
[EndTime "14:53:34 PST"]
[Termination "mr_gustavo won by resignation"]

1. d3 Nf6 2. c3 b6 3. Nd2 Bb7 4. Ngf3 g6 5. h3 Bg7 6. g4 O-O 7. Bg2 d6 8. Nh4 Bxg2 9. Nxg2 Qc8 10. g5 Qb7 11. Nf3 Nh5 12. h4 Nd7 13. Qa4 Ne5 14. Qe4 Nxf3+ 15. exf3 d5 16. Qg4 f5 17. gxf6 Rxf6 18. Bg5 Rc6 19. O-O e5 20. f4 exf4 21. Nxf4 Nxf4 22. Bxf4 Rf8 23. Bg3 Rcf6 24. h5 Qc6 25.
Rae1 gxh5 26. Qxh5 Rg6 27. Re7 d4 28. c4 Qf6 29. Ree1 Kh8 30. Kg2 Rg5 31. Qe2 c5 32. Qe4 Rf5 33. Re2 Qg6 34. Rh1 Be5 35. Rh3 Bg7 36. a3 a6 37. b4 cxb4 38. axb4 a5 39.
bxa5 bxa5 40. Rh4 a4 41. Rg4 Qf7 42. Ra2 a3 43. Rxa3 Rxf2+ 44. Bxf2 Qxf2+ 45. Kh3 Rf3+ 46. Qxf3 Qxf3+ 47. Rg3 Qh1+ 48. Kg4 Be5 49. Ra8+ Qxa8 50. Rf3 Qg8+ 51. Kf5 Bc7 52. Ke4 Qg4+ 0-1

[Event "Late-Titled-Tuesday-Blitz-January-16-2024"]
[Site "Chess.com"]
[Date "2024.01.16"]
[Round "5"]
[White "Harsha_Bharathakoti"]
[Black "Jagerrmeisterr"]
[Result "1-0"]
[WhiteElo "2947"]
[BlackElo "2708"]
[TimeControl "180+1"]
[EndTime "14:53:35 PST"]
[Termination "Harsha_Bharathakoti won by resignation"]

1. e4 c6 2. Nc3 d5 3. Qf3 e6 4. d4 Nd7 5. Bd3 b5 6. exd5 exd5 7. Bf4 b4 8. Nce2 Ngf6 9. Ng3 Qa5 10. Qe3+ Kd8 11. N1e2 g6 12. O-O Be7 13. Nc1 Re8 14. Nb3 Qb6 15. Qf3 a5 16. c4 bxc3 17. bxc3 a4 18. Nd2 Ba6 19. Rab1 Qa5 20. c4 h5 21. Rfc1 h4 22. Ngf1 Nh5 23. Be3 f5 24. Bxf5 Rf8 25. Qg4 Rxf5 26. Qxg6 dxc4 27. Nxc4 Bxc4 28. Rxc4 Qd5 29.
Rbc1 Nhf6 30. Rxc6 Nf8 31. Qg7 h3 32. gxh3 Nh5 33. Qg4 Nf6 34. Qe2 Rh5 35. Ng3 Rxh3 36. Bf4 Ng6 37. Bc7+ Ke8 38. Rxf6 Nh4 39. Ne4 Kd7 40. Bg3 Rc8 41. Qg4+ Nf5 42. Rxc8 Bxf6 43. Nxf6+ Kxc8 44. Nxd5 1-0

[Event "Late-Titled-Tuesday-Blitz-January-16-2024"]
[Site "Chess.com"]
[Date "2024.01.16"]
[Round "5"]
[White "jinbojinbo"]
[Black "Durarbayli"]
[Result "0-1"]
[WhiteElo "2646"]
[BlackElo "2864"]
[TimeControl "180+1"]
[EndTime "14:53:35 PST"]
[Termination "Durarbayli won by resignation"]

1. e4 e5 2. Nf3 Nc6 3. Bb5 a6 4. Ba4 Nf6 5. O-O Be7 6. Re1 b5 7.
Bb3 O-O 8. c3 d5 9. exd5 Nxd5 10. Nxe5 Nxe5 11. Rxe5 c6 12. d3 Bd6 13. Re1 Qh4 14.
g3 Qh3 15. Re4 Nf6 16. Rh4 Qf5 17. Nd2 Ng4 18. Qf3 Be7 19. Rxg4 Qxg4 20. Qxc6 Bf5 21. d4 Rad8 22. Qf3 Qg6 23. Nf1 Be4 24. Qe2 Rfe8 25.
f3 Bb7 26. Qf2 Qf5 27. Kg2 Bd6 28. Be3 h5 29. h4 Bb8 30. Bc2 Qd5 31. a4 Re6 32.
axb5 Qxb5 33. b3 Rde8 34. c4 Qb6 35. Re1 Qd8 36. d5 Re5 37. Be4 f5 38. Bc2 f4 39.
Bd2 Rxe1 40. Bxe1 fxg3 41. Nxg3 Qxh4 42. Be4 Bc8 43. Nf5 Qg5+ 44. Kf1 Bxf5 45. Bd2 Qg6 0-1

[Event "Late-Titled-Tuesday-Blitz-January-16-2024"]
[Site "Chess.com"]
[Date "2024.01.16"]
[Round "5"]
[White "OYAcosta"]
[Black "babero_gordo"]
[Result "1-0"]
[WhiteElo "2128"]
[BlackElo "1960"]
[TimeControl "180+1"]
[EndTime "14:53:35 PST"]
[Termination "OYAcosta won by resignation"]

1. d4 g6 2. Nf3 Bg7 3. Bf4 d6 4.
e3 Nf6 5. Be2 c5 6. c3 O-O 7. h3 Nbd7 8. O-O b6 9. Bh2 Bb7 10.
a4 a6 11. Nbd2 Ra7 12. Re1 Qa8 13. Bf1 Ne4 14. Nxe4 Bxe4 15. Nd2 f5 16. Nxe4 fxe4 17. Qg4 Nf6 18. Qe6+ Kh8 19. dxc5 bxc5 20. b4 cxb4 21. cxb4 Qd5 22. Bc4 Qxe6 23. Bxe6 Rb7 24. Rab1 Rfb8 25. Rec1 Nd7 26. Bd5 Rxb4 27. Rxb4 Rxb4 28. Rc8+ Nf8 29. Bf4 Rxa4 30. Bg5 Ra1+ 31. Kh2 Be5+ 32. g3 Kg7 33. Bxe7 Nd7 34. Rg8+ Kh6 35. Bf8+ Kh5 36. Bxe4 Nxf8 37. Rxf8 Rf1 38. Kg2 Ra1 39. Rf7 Kh6 40. Bd5 a5 41. Ra7 a4 42. Bg8 a3 43. h4 g5 44. Rxh7+ Kg6 45.
h5+ Kf6 46. Rf7+ Ke6 47. h6 a2 48. h7 Rg1+ 49. Kxg1 a1=Q+ 50. Kg2 Qa8+ 51. Kh3 Qh1+ 52.
Kg4 Qe4+ 53. Rf4+ Ke7 54. Rxe4 Kf8 55. Rxe5 dxe5 56. h8=Q 1-0